 Dungeon Crawl Stone Soup version 0.20.1-1-g8b1a95d (console) character file.

187 rafael the Gusty (level 5, -5/46 HPs)
             Began as a Halfling Air Elementalist on July 7, 2017.
             Was an Initiate of Okawaru.
             Slain by Quirk's ghost (6 damage)
             ... on level 4 of the Dungeon.
             The game lasted 00:07:46 (2716 turns).

rafael the Gusty (Halfling Air Elementalist)        Turns: 2716, Time: 00:07:47

Health: -5/46      AC: 22    Str: 12    XL:     5   Next: 99%
Magic:  9/9        EV:  3    Int: 19    God:    Okawaru [......]
Gold:   110        SH:  0    Dex: 22    Spells: 8/9 levels left

rFire    . . .     SeeInvis .   e - +0 mace
rCold    . . .     Gourm    .   (shield restricted)
rNeg     + + +     Faith    .   (armour currently unavailable)
rPois    +         Spirit   .   (helmet currently unavailable)
rElec    .         Reflect  .   (cloak currently unavailable)
rCorr    +         Harm     .   (gloves currently unavailable)
MR       .....     NoTele   +   (boots currently unavailable)
Stlth    ++++......             (no amulet)
Regen    0.2/turn               p - ring of resist corrosion
MPRegen  0.2/turn               t - +3 ring of strength

@: brilliant, agile, tree-form (expiring), berserk cooldown, hasted and slowed
A: agile 1, high mp 1, mutation resistance 1
a: Renounce Religion


You were on level 4 of the Dungeon.
You worshipped Okawaru.
Okawaru was noncommittal.
You were not hungry.
You were a tree.
You visited 2 branches of the dungeon, and saw 5 of its levels.

You collected 110 gold pieces.

Inventory:

Hand Weapons
 e - a +0 mace (weapon)
Missiles
 o - 35 sling bullets
Armour
 a - a +0 robe (melded)
Jewellery
 p - a ring of resist corrosion (left branch)
 t - a +3 ring of strength (right branch)
 y - an uncursed ring of loudness
Wands
 A - a wand of flame (30/48)
Scrolls
 f - 2 scrolls of amnesia {unknown}
 h - a scroll of teleportation
 k - a scroll of remove curse
 l - a scroll of fear {unknown}
 n - a scroll of enchant armour {unknown}
 q - a scroll of noise {unknown}
 r - 4 scrolls of identify {unknown}
 s - a scroll of blinking {unknown}
 u - a scroll of enchant weapon {unknown}
Potions
 d - 2 potions of lignification
 g - a potion of brilliance
 j - a potion of berserk rage
Books
 b - a book of Air

   Spells                             Type                      Level
   a - Shock                          Conjuration/Air              1
   b - Swiftness                      Charms/Air                   2
   c - Static Discharge               Conjuration/Air              3
   d - Airstrike                      Air                          4
   e - Lightning Bolt                 Conjuration/Air              5
Comestibles
 c - 3 bread rations
 m - 9 fruits
 w - a meat ration
 B - 2 chunks of flesh


   Skills:
 - Level 0.3 Maces & Flails
 + Level 2.9 Dodging
 + Level 2.3 Stealth
 - Level 2.5 Spellcasting
 - Level 2.0 Conjurations
 * Level 4.3 Air Magic


You had 8 spell levels left.
You knew the following spells:

 Your Spells              Type           Power        Failure   Level  Hunger
a - Shock                 Conj/Air       ####         1%          1    #......


Dungeon Overview and Level Annotations

Branches:
Dungeon (4/15)             Temple (1/1) D:4

Altars:
Ashenzari
Cheibriados
Gozag
Hepliaklqana
Kikubaaqudgha
Makhleb
Okawaru
Qazlal
Sif Muna
Trog
Uskayaw
Vehumet
Zin
The Shining One

Annotations:
D:4 Quirk's ghost, amateur TrFi


Innate Abilities, Weirdness & Mutations

You are small and have problems with some larger weapons.
You are somewhat resistant to further mutation.
You are agile. (Dex +2)
You have an increased reservoir of magic. (+10% MP)


Message History

* * * LOW HITPOINT WARNING * * *
Quirk's ghost hits you but does no damage.
Something hits you but does no damage. The orc hits you but does no damage.
You hit something. The orc hits you but does no damage. Quirk's ghost hits you.
* * * LOW HITPOINT WARNING * * *
Something hits you but does no damage. The orc hits you but does no damage.
You hit something.
Quirk's ghost hits you but does no damage.
The orc hits you but does no damage. Something hits you but does no damage.
The orc hits you but does no damage.
Quirk's ghost hits you but does no damage.
Something hits you but does no damage. The orc hits you but does no damage. x2
Unknown command.
You closely miss something.
Quirk's ghost hits you but does no damage.
Something hits you but does no damage. The orc hits you but does no damage. x2
You barely miss Quirk's ghost.
Quirk's ghost is heavily damaged.
Quirk's ghost hits you.
You die...

........'...'...'.......#........
........######+##################
.####............................
.#..'............................
.#..#............................
.####............................
......#########....#####'###.PPP.
.####..#......'....'...#...#...>P
.####..#......#o♣..#...#...#.P.P.
...##.#########oW{.#########.....
...##.##.#.......#### ....#+##
_.[......#.......#..+ #....#...
...###...#.......'..# #....+...
...# #...#.......#..# #....#...
.### #...#.......#..# #....#...
.# ##..#.......#>.# ....####
.#########....####..## #.......


You could see Quirk's ghost and 2 orcs.

Vanquished Creatures
  A howler monkey (D:4)
  A gnoll shaman (D:4)
  3 gnolls (D:4)
  2 adders
  2 oozes (D:2)
  A worm (D:2)
  3 dart slugs
  3 leopard geckos
  An orc (D:4)
  3 giant cockroaches (D:1)
  3 goblins
  7 hobgoblins
  4 kobolds
  A quokka (D:2)
  10 bats
  3 frilled lizards
  9 rats
  A fungus (D:1)
58 creatures vanquished.

Notes
Turn   | Place    | Note
-------+----------+-------------------------------------------
     0 | D:1      | rafael the Halfling Air Elementalist began the quest for the Orb.
     0 | D:1      | Reached XP level 1. HP: 11/11 MP: 3/3
     0 | D:1      | let me go...
   283 | D:1      | Reached XP level 2. HP: 11/17 MP: 1/4
   505 | D:2      | Found a bloodstained altar of Trog.
   614 | D:1      | Reached XP level 3. HP: 13/21 MP: 1/5
   882 | D:1      | Reached skill level 1 in Conjurations
  1263 | D:2      | Reached XP level 4. HP: 15/27 MP: 0/6
  1395 | D:2      | Found a stormy altar of Qazlal.
  1462 | D:2      | Reached skill level 4 in Air Magic
  1508 | D:3      | Found a snail-covered altar of Cheibriados.
  2200 | D:4      | Reached XP level 5. HP: 16/31 MP: 0/8
  2282 | D:4      | Found a staircase to the Ecumenical Temple.
  2292 | Temple   | Entered the Ecumenical Temple
  2305 | Temple   | Became a worshipper of Warmaster Okawaru
  2611 | D:4      | Found a burning altar of Makhleb.
  2680 | D:4      | Noticed Quirk's ghost (amateur TrFi)
  2705 | D:4      | Gained mutation: You have an increased reservoir of magic. (+10% MP) [potion of mutation]
  2705 | D:4      | Gained mutation: You are agile. (Dex +2) [potion of mutation]
  2712 | D:4      | HP: 2/46 [orc/club (2)]
  2716 | D:4      | Slain by Quirk's ghost

Skill      XL: |  1  2  3  4  5 |
---------------+----------------+-----
Conjurations   | 1 2 |  2.0
Air Magic      | 4 |  4.3
Spellcasting   | 2 |  2.5
Maces & Flails | |  0.3
Dodging        | |  2.9
Stealth        | |  2.3

Action                   |  1- 3 |  4- 6 || total
-------------------------+-------+-------++-------
Melee: Unarmed           |    41 |       ||    41
       Mace              |    37 |    37 ||    74
 Cast: Shock             |    46 |    53 ||    99
  Use: Scroll            |       |     2 ||     2
       Potion            |       |     8 ||     8
 Stab: Sleeping          |     1 |       ||     1
  Eat: Chunk             |     2 |     6 ||     8
Armor: Robe              |    13 |    12 ||    25
       Skin              |       |   101 ||   101
Dodge: Dodged            |    73 |    53 ||   126
